Match 45058448
Unlisted

Match 45058448
End
Kradschützen Motorcycle Team
Selects Italian Infantry
Selects Italian Infantry
Panzergrenadier Squad
250 Light Carrier
Panzergrenadier Squad
Panzergrenadier Squad
Construct Light Support Kompanie
Combat Half-tracks
Panzerjäger Mechanized Group
Fire Support Elements
Selects Guastatori Squad
Guastatori Squad
Pak 38 Anti-tank Gun Team
2.5-tonne Medical Truck
Selects Defensive Operations
Pak 38 Mechanized Group
Selects L6/40 Light Tank Combat Group
Selects Prepared Positions
Pak 38 Anti-tank Gun Team
XXxxxGxxxXX
Lilfuture
AUS Potato
zhaoyuchen312
0
0

Comments sign in to comment!

No comments posted yet!